 Dungeon Sprint DCSS version 0.32-a0-120-gfac0567ad4 (webtiles) character file.

Game seed: 1895784557539883171

1614 Ambrosia the Protected (level 8, -5/83 HPs)
             Began as a Minotaur Fighter on Feb 7, 2024.
             Killed from afar by a black draconian (9 damage)
             ... with a bolt of lightning
             ... in the Dungeon (Sprint V: "Ziggurat Sprint").
             The game lasted 00:01:23 (268 turns).

Ambrosia the Protected (Minotaur Fighter)            Turns: 268, Time: 00:01:24

Health: -5/83      AC: 30    Str: 36    XL:     8   Next: 64%
Magic:  7/7        EV:  3    Int:  5    God:
Gold:   0          SH: 29    Dex:  9    Spells: 7/7 levels left

rFire   . . .        D - +6 shillelagh "Devastator" {shatter}
rCold   . . .        w - +18 shield of the Gong {Loud rN+ Will+ rCorr EV-5}
rNeg    + . .        v - +15 Maxwell's patent armour {-Cast -Tele rElec Will+ rCorr}
rPois   .            (helmet restricted)
rElec   +            (no cloak)
rCorr   +            (no gloves)
SInv    .            (no boots)
Will    ++...        (no amulet)
Stlth   x              - +6 ring of strength
HPRegen 0.33/turn    y - +6 ring of strength
MPRegen 0.10/turn

%: no teleportation, no spellcasting
@: no status effects
A: horns 2, retaliatory headbutt
a: no special abilities


You were in the Dungeon.
You visited 1 branch

Inventory:

Hand Weapons
 D - the +6 shillelagh "Devastator" (weapon) {shatter}
   (You found it in the Dungeon)
Armour
 v - the +15 Maxwell's patent armour (worn) {-Cast -Tele rElec Will+ rCorr}
   (You found it in the Dungeon)

   rElec:     It insulates you from electricity.
   Will+:     It increases your willpower.
   -Cast:     It prevents spellcasting.
   -Tele:     It prevents most forms of teleportation.
   rCorr:     It protects you from acid and corrosion.
 w - the +18 shield of the Gong (worn) {Loud rN+ Will+ rCorr EV-5}
   (You found it in the Dungeon)

   Loud:      It is deafeningly noisy when blocking attacks.
   EV-5:      It affects your evasion (-5).
   rN+:       It protects you from negative energy.
   Will+:     It increases your willpower.
   rCorr:     It protects you from acid and corrosion.
Jewellery
 x - a +6 ring of strength (left hand)
   (You found it in the Dungeon)
 y - a +6 ring of strength (right hand)
   (You found it in the Dungeon)
Wands
 z - a wand of mindburst (7)
   (You found it in the Dungeon)
 A - a wand of quicksilver (7)
   (You found it in the Dungeon)
Scrolls
 j - 4 scrolls of blinking {!r!d}
 k - 4 scrolls of amnesia
 l - 7 scrolls of fog
 m - 5 scrolls of identify {@r1}
 n - 2 scrolls of fear
Potions
 d - 6 potions of might
 e - 10 potions of curing {@q1, !d}
 f - 10 potions of heal wounds {@q2, !d}
 g - 6 potions of haste
 h - 7 potions of magic
 i - 3 potions of berserk rage {!q}
 o - 2 potions of brilliance
 p - 2 potions of invisibility
 q - 4 potions of resistance


   Skills:
 + Level 12.2 Fighting
 + Level 12.0 Axes
 + Level 12.2 Armour
 + Level 12.2 Shields


You had 7 spell levels left.
You didn't know any spells.
Your spell library was empty.

Dungeon Overview and Level Annotations

Branches:
Dungeon (1/1) Zot: 27000

Altars:
Ashenzari
Cheibriados
Dithmenos
Elyvilon
Fedhas
Gozag
Hepliaklqana
Kikubaaqudgha
Makhleb
Nemelex Xobeh
Okawaru
Qazlal
Ru
Sif Muna
Trog
Uskayaw
Vehumet
Wu Jian
Xom
Yredelemnul
Zin
The Shining One
Jiyva
Lugonu

Annotations:
D 1 transporter


Innate Abilities, Weirdness & Mutations

You have a pair of horns on your head.
You reflexively headbutt those who attack you in melee.


Message History

You closely miss the draconian.
The draconian hits you but does no damage.
You block the draconian's attack.
PTOANNNG!
You block the draconian's attack.
PTOANNNG!
The black draconian hits you with a +0 trident!
You take 8 damage, and have 37/82 hp.
Hit: D) +6 shillelagh "Devastator" {shatter}
Press: ? - help, Dir - move target, f/p - draconian
Aim: a draconian, wielding a +0 falchion (almost dead, about 32% to evade the +6 shillelagh "Devastator")
You completely miss the draconian. You block the draconian's attack.
BONNNG!
You block the draconian's attack.
BONNNG!
You block the black draconian's attack.
GONNNNG!
The draconian hits you but does no damage.
Hit: D) +6 shillelagh "Devastator" {shatter}
Press: ? - help, Dir - move target, f/p - draconian
Aim: a draconian, wielding a +0 falchion (almost dead, about 32% to evade the +6 shillelagh "Devastator")
You hit the draconian.
The draconians and the black draconian shudder.
You headbutt the draconian.
You kill the draconian!
You block the draconian's attack.
SHROANNG!
You block the draconian's attack.
SHROANNG!
You block the black draconian's attack.
GONNNNG!
Your Fighting skill increases to level 12!
Your Axes skill increases to level 12!
Your Armour skill increases to level 12!
Your Shields skill increases to level 12!
Hit: D) +6 shillelagh "Devastator" {shatter}
Press: ? - help, Dir - move target, f - draconian
Aim: a draconian, wielding a +0 mace (heavily wounded, about 31% to evade the +6 shillelagh "Devastator")
You hit the draconian but do no damage.
The draconian hits you but does no damage.
The black draconian breathes lightning at you.
The bolt of lightning hits you! You resist. The bolt of lightning hits you!
You resist.
* * * LOW HITPOINT WARNING * * *
The draconian completely misses you.
You take 19 damage, and have 19/83 hp.
MASSIVE DAMAGE!!
Hit: D) +6 shillelagh "Devastator" {shatter}
Press: ? - help, Dir - move target, f/p - draconian
Aim: a draconian, wielding a +0 mace (heavily wounded, about 31% to evade the +6 shillelagh "Devastator")
You hit the draconian.
The draconian shudders.
You block the draconian's attack.
SHROANNG!
You block the black draconian's attack.
GONNNNG!
You block the draconian's attack.
GONNNNG!
Hit: D) +6 shillelagh "Devastator" {shatter}
Press: ? - help, Dir - move target, f/p - draconian
Aim: a draconian, wielding a +0 mace (severely wounded, about 31% to evade the +6 shillelagh "Devastator")
You hit the draconian.
The draconian shudders.
Your headbutt misses the draconian. You block the draconian's attack.
GONNNNG!
You block the black draconian's attack.
GONNNNG!
You block the draconian's attack.
PTOANNNG!
Hit: D) +6 shillelagh "Devastator" {shatter}
Press: ? - help, Dir - move target, f/p - draconian
Aim: a draconian, wielding a +0 mace (severely wounded, about 31% to evade the +6 shillelagh "Devastator")
You barely miss the draconian. You headbutt the draconian!
You block the draconian's attack.
BOUMMMMG!
The draconian hits you but does no damage.
The black draconian breathes lightning at you.
The bolt of lightning hits you. You resist.
* * * LOW HITPOINT WARNING * * *
The bolt of lightning hits you! You resist.
* * * LOW HITPOINT WARNING * * *
You take 17 damage, and have 3/83 hp.
MASSIVE DAMAGE!!
Hit: D) +6 shillelagh "Devastator" {shatter}
Press: ? - help, Dir - move target, f/p - draconian
Aim: a draconian, wielding a +0 mace (almost dead, about 31% to evade the +6 shillelagh "Devastator")
You hit the draconian but do no damage.
You headbutt the draconian, but do no damage.
You block the draconian's attack.
PTOANNNG!
You block the draconian's attack.
GONNNNG!
You block the black draconian's attack.
GONNNNG!
Hit: D) +6 shillelagh "Devastator" {shatter}
Press: ? - help, Dir - move target, f/p - draconian
Aim: a draconian, wielding a +0 mace (almost dead, about 31% to evade the +6 shillelagh "Devastator")
You hit the draconian.
You kill the draconian!
You block the draconian's attack.
GONNNNG!
The black draconian breathes lightning at you.
The bolt of lightning hits you! You resist.
You die...

▓▓▓▓▓▓▓▓▓▓▓▓▓▓▓▓▓▓▓
▓.ß©ß.▓.ß©ß.▓.ß©ß.▓
▓.):/.▓.))[.▓.....▓
▓..|..▓.....▓./.|.▓
▓.))d.▓.....▓.))..▓
▓..@d.▓.....▓.....▓
▓.....▓.....▓..©..▓
▓..©..▓..©..▓▓▓▓▓▓▓
▓▓▓▓▓▓▓▓▓▓▓▓▓


You could see a black draconian (catching breath) and a draconian.

Vanquished Creatures
  2 draconians (D)
  3 toenail golems (D)
  Sigmund (D)
  Jessica (D)
7 creatures vanquished.

Notes
Turn   | Place    | Note
-------+----------+-------------------------------------------
     0 | D        | Ambrosia the Minotaur Fighter began the quest for the Orb.
     0 | D        | Reached XP level 1. HP: 19/19 MP: 0/0
     0 | D        | Found a blossoming altar of Fedhas.
     0 | D        | Found the +6 Majin-Bo {spellvamp, MP+6 Int+6}
     0 | D        | Found the +27 heavy crossbow "Sniper" {heavy, Acc+∞ SInv}
     0 | D        | Found the +10 dark maul {heavy}
     0 | D        | Found the +15 Maxwell's patent armour {-Cast -Tele rElec
                  | Will+ rCorr}
     0 | D        | Found the +18 shield of the Gong {Loud rN+ Will+ rCorr
                  | EV-5}
     0 | D        | Found the +16 obsidian axe {drain, demonic, Mesm ^Drain Fly
                  | SInv}
     0 | D        | Found the +7 great mace "Firestarter" {flame, immolate,
                  | rFlCloud rF++}
     0 | D        | Found the +6 shillelagh "Devastator" {shatter}
     0 | D        | Found the +11 plutonium sword {^Contam Stlth-}
     0 | D        | Found the +8 lance "Wyrmbane" {slay drac, rPois rF+ rC+
                  | AC+3}
     0 | D        | Found the +9 sword of Zonguldrok {reap}
     0 | D        | Found the +13 scythe of Curses {drain, curses, ^Drain}
     0 | D        | Found the +9 sword of Power {lifebolt}
     0 | D        | Found the +7 mace of Variability {chaos, chaos arc}
     0 | D        | Found the +11 Singing Sword {sonic wave}
     0 | D        | Found the +8 storm bow {elec, penet}
     1 | D        | Found a transporter.
     1 | D        | Found a viscous altar of Jiyva.
     1 | D        | Found an ancient bone altar of Kikubaaqudgha.
     1 | D        | Found a hazy altar of Hepliaklqana.
     1 | D        | Found a corrupted altar of Lugonu.
     1 | D        | Found an opulent altar of Gozag.
     1 | D        | Found a burning altar of Makhleb.
     2 | D        | Found a sacrificial altar of Ru.
     2 | D        | Found a shimmering blue altar of Sif Muna.
     2 | D        | Found a stormy altar of Qazlal.
     2 | D        | Found a bloodstained altar of Trog.
     2 | D        | Found an iron altar of Okawaru.
     2 | D        | Found a sparkling altar of Nemelex Xobeh.
    71 | D        | Reached skill level 5 in Fighting
    71 | D        | Reached skill level 5 in Axes
    71 | D        | Reached skill level 5 in Armour
    71 | D        | Reached skill level 5 in Shields
    71 | D        | Reached XP level 2. HP: 30/30 MP: 1/1
   108 | D        | Entered arena 2.
   108 | D        | Noticed Sigmund
   108 | D        | Noticed Jessica
   108 | D        | Found a transporter.
   113 | D        | Killed Jessica
   113 | D        | Killed Sigmund
   114 | D        | Reached skill level 8 in Fighting
   114 | D        | Reached skill level 7 in Axes
   114 | D        | Reached skill level 8 in Armour
   114 | D        | Reached skill level 8 in Shields
   114 | D        | Reached XP level 3. HP: 40/40 MP: 2/2
   114 | D        | Reached XP level 4. HP: 48/48 MP: 3/3
   114 | D        | Reached XP level 5. HP: 53/53 MP: 4/4
   218 | D        | Entered arena 3.
   218 | D        | Noticed a toenail golem
   218 | D        | Noticed a toenail golem
   218 | D        | Noticed a toenail golem
   218 | D        | Found a transporter.
   224 | D        | Killed a toenail golem
   224 | D        | Killed a toenail golem
   225 | D        | Reached skill level 11 in Fighting
   225 | D        | Reached skill level 10 in Axes
   225 | D        | Reached skill level 11 in Armour
   225 | D        | Reached skill level 10 in Shields
   225 | D        | Reached XP level 6. HP: 61/68 MP: 5/5
   225 | D        | Reached XP level 7. HP: 67/74 MP: 6/6
   229 | D        | Killed a toenail golem
   230 | D        | Reached skill level 11 in Axes
   230 | D        | Reached skill level 11 in Shields
   230 | D        | Reached XP level 8. HP: 76/82 MP: 7/7
   252 | D        | Entered arena 4.
   252 | D        | Noticed a draconian
   252 | D        | Noticed a draconian
   252 | D        | Noticed a draconian
   252 | D        | Noticed a black draconian
   252 | D        | Found a transporter.
   260 | D        | HP: 37/82 [black draconian/+0 trident (8)]
   262 | D        | Killed a draconian
   263 | D        | Reached skill level 12 in Fighting
   263 | D        | Reached skill level 12 in Axes
   263 | D        | Reached skill level 12 in Armour
   263 | D        | Reached skill level 12 in Shields
   266 | D        | HP: 16/83 [black draconian/bolt of lightning (4)]
   266 | D        | HP: 3/83 [black draconian/bolt of lightning (13)]
   268 | D        | Killed a draconian
   268 | D        | Killed from afar by a black draconian

Illustrated notes

Levels and vault maps discovered:
D:        sprint_v [room_start, room_1, room_2, room_3, room_4, room_5, room_6,
          room_7, room_8, room_9, room_10, room_11, room_12, room_13, room_14,
          room_15, room_16, room_17, room_18, room_19, room_20, room_21,
          room_22, room_23, room_24, room_25, room_26, room_27]

Skill      XL: |  1  2  3  4  5  6  7  8 |
---------------+-------------------------+-----
Fighting       | 5 8 11 12 | 12.2
Axes           | 5 7 10 11 12 | 12.0
Armour         | 5 8 11 12 | 12.2
Shields        | 5 8 10 11 12 | 12.2

Action                     |  1- 3 |  4- 6 |  7- 9 || total
---------------------------+-------+-------+-------++-------
  Melee: Shillelagh        |     3 |     4 |    19 ||    26
         Headbutt          |     1 |       |     6 ||     7
    Use: Potion            |     1 |       |       ||     1
 Armour: Plate armour      |       |     2 |    21 ||    23
  Dodge: Dodged            |       |       |     1 ||     1
  Block: Kite shield       |     6 |    11 |    36 ||    53

Table legend: (Time is in decaauts)
 A = Elapsed time spent in this place.
 B = Non-inter-level travel time spent in this place.
 C = Inter-level travel time spent in this place.
 D = Time resting spent in this place.
 E = Time spent auto-exploring this place.
 F = Levels seen in this place.
 G = Mean time per level.
                   A        B        C        D        E       F      G
               +--------+--------+--------+--------+--------+-----+--------+
         Total |    267 |    267 |      0 |    118 |      2 |   1 |  267.0 |
       Dungeon |    267 |    267 |      0 |    118 |      2 |   1 |  267.0 |
               +--------+--------+--------+--------+--------+-----+--------+

Top non-repeatable levels by time:
       D: 267 daAuts

Levels and vault maps discovered:
D:        sprint_v [room_start, room_1, room_2, room_3, room_4, room_5, room_6,
          room_7, room_8, room_9, room_10, room_11, room_12, room_13, room_14,
          room_15, room_16, room_17, room_18, room_19, room_20, room_21,
          room_22, room_23, room_24, room_25, room_26, room_27]

Table legend: (Time is in decaauts)
 A = Elapsed time spent in this place.
 B = Non-inter-level travel time spent in this place.
 C = Inter-level travel time spent in this place.
 D = Time resting spent in this place.
 E = Time spent auto-exploring this place.
 F = Levels seen in this place.
 G = Mean time per level.
                   A        B        C        D        E       F      G
               +--------+--------+--------+--------+--------+-----+--------+
         Total |    267 |    267 |      0 |    118 |      2 |   1 |  267.0 |
       Dungeon |    267 |    267 |      0 |    118 |      2 |   1 |  267.0 |
               +--------+--------+--------+--------+--------+-----+--------+

Top non-repeatable levels by time:
       D: 267 daAuts

Table legend:
 A = Kills in this place as a percentage of kills in the entire game.
 B = Kills by you in this place as a percentage of kills by you in the entire game.
 C = Kills by friends in this place as a percentage of kills by friends in the entire game.
 D = Other kills in this place as a percentage of other kills in the entire game.
 E = Experience gained in this place as a percentage of experience gained in the entire game.
 F = Experience gained in this place divided by the number of levels of this place that you have seen.
                   A       B       C       D       E      F
               +-------+-------+-------+-------+-------+----------------------
         Total | 100.0 | 100.0 |   N/A |   N/A | 100.0 | 2767.0
       Dungeon | 100.0 | 100.0 |   N/A |   N/A | 100.0 | 2767.0
               +-------+-------+-------+-------+-------+----------------------
